[Event "Early-Titled-Tuesday-Blitz-April-02-2024"]
[Site "Chess.com"]
[Date "2024.04.02"]
[Round "6"]
[White "Barbix1"]
[Black "Kratos031"]
[Result "0-1"]
[WhiteElo "2309"]
[BlackElo "2488"]
[TimeControl "180+1"]
[EndTime "9:09:09 PDT"]
[Termination "Kratos031 won on time"]

1. d4 Nf6 2. c4 e6 3. Nf3 Bb4+ 4. Bd2 a5 5. g3 O-O 6. Bg2 d5 7. Qc1 b6 8. O-O Ne4 9. a3 Nxd2 10. Nbxd2 Be7 11. cxd5 exd5 12. Ne5 Bb7 13. Qc2 c5 14. dxc5 bxc5 15. Rfd1 Nd7 16. Nxd7 Qxd7 17. Nc4 Qe6 18. Ne3 Rfd8 19. Rac1 Rab8 20. Nf5 Bf8 21. Rd2 d4 22. Nh4 Bxg2 23. Nxg2 Qb3 24. Nf4 g6 25. Nd3 Bh6 26. f4 Qe6 27. Nf2 Rbc8 28. Qe4 Qb6 29. Rdc2 Bf8 30. Nd3 Re8 31. Qf3 Rcd8 32. Qf2 Re3 33.
Nxc5 Rde8 34. Nd3 Qb5 35. Kf1 a4 36. Nb4 Qb7 37. Nd3 Qh1+ 38. Qg1 Qe4 39. Qg2 Qf5 40. Qf2 Qh3+ 41. Kg1 Qh5 42. Kf1 h6 43. h4 Qg4 44. Kg1 Rxg3+ 45. Kf1 Rh3 46. Ke1 Rh1+ 47. Kd2 Rxh4 48. Qf3 Qxf3 49. exf3 Rh2+ 50. Kd1 Re3 51. Rxh2 Rxd3+ 52. Rd2 Rxf3 53. Rxd4 Bg7 54. Rd8+ Kh7 55. Rcc8 h5 56. Rd7 Rxf4 57. Ra8 h4 58. Rda7 g5 59. Rxa4 Rf1+ 60. Ke2 Rb1 61. b4 Kg6 62. R4a6+ f6 63. Rg8 Kf7 64. Rc8 h3 65. Ra7+ Kg6 66. Rg8 h2 67. Rgxg7+ Kf5 68. Rh7 h1=Q 69. Rxh1 Rxh1 70. a4 Ra1 71. a5 g4 72. Rg7 Kf4 73. Kf2 Ra2+ 74.
Kf1 Kf3 75. Ke1 f5 76. b5 Rxa5 77. b6 Rb5 78. b7 f4 79. Kd2 g3 80. Kc3 Kf2 81.
Kc4 Rb1 82. Rg5 f3 83. Rb5 Rc1+ 84. Kd5 g2 85. b8=Q Rd1+ 86. Ke5 g1=Q 87. Qa7+ Kg2 88. Qa2+ Kh1 89. Kf4 Rd4+ 90. Kf5 Qg4+ 91. Ke5 Qf4+ 92. Ke6 Re4+ 93. Kd5 Qf7+ 94. Kc5 Qxa2 0-1

[Event "Early-Titled-Tuesday-Blitz-April-02-2024"]
[Site "Chess.com"]
[Date "2024.04.02"]
[Round "6"]
[White "GMKrikor"]
[Black "KacperKacprzak"]
[Result "0-1"]
[WhiteElo "2893"]
[BlackElo "2719"]
[TimeControl "180+1"]
[EndTime "9:09:53 PDT"]
[Termination "KacperKacprzak won by checkmate"]

1. Nf3 Nf6 2. c4 e6 3. Nc3 d5 4. d4 dxc4 5. e4 Bb4 6. Bxc4 Nxe4 7. O-O Nf6 8. Bg5 O-O 9. Re1 Be7 10. Rc1 Nc6 11.
a3 Bd7 12. Ba2 Nd5 13. Bd2 Bf6 14. Ne4 Nxd4 15. Nxd4 Bxd4 16. Bxd5 exd5 17. Bg5 f6 18. Qxd4 dxe4 19. Red1 Be6 20. Qxe4 Qc8 21. Bf4 c6 22. Qb4 Re8 23. Bg3 Bf7 24. h3 b6 25. Qd6 c5 26. b4 c4 27. b5 Qf5 28. a4 Qe6 29. Qd4 h6 30. Kh2 Qe7 31. Bd6 Qb7 32.
Bg3 a6 33. Rb1 axb5 34. Rxb5 Rxa4 35. Rxb6 Qe7 36. Rd6 Ra7 37. Qb6 Rb7 38. Qc6 Rc7 39. Qb6 Rcc8 40. Rd7 Qe6 41. Qa7 c3 42. Rc1 c2 43. Rc7 Rxc7 44. Qxc7 Rc8 45. Qf4 Bg6 46. Qd2 Kh7 47. Bf4 Qf5 48. Be3 Qe4 49. Kg1 Qc4 50. Kh2 Qc6 51. Kg1 Re8 52. Kh2 h5 53. Kg1 Qc7 54. Qd4 Qc6 55. Qf4 Qe4 56. Qxe4 Bxe4 57.
Kh2 Bg6 58. Kg3 Rb8 59. h4 Rb1 60. f3 Bf5 61. Kf2 Kg6 62. Bd2 Kf7 63. Ke3 Rb3+ 64. Kf2 Kg6 65. Be3 Ra3 66. Bd2 Ra4 67. Be3 Rxh4 68.
Ra1 Rb4 69. Rc1 Rb1 70. Kg3 Kf7 71. Kh4 Kg6 72. g4 hxg4 73. fxg4 Bd3 74. Kg3 Rb4 75. Bf4 Kf7 76. Bd2 g5 77. Kf3 Kg6 78. Ke3 Rb3 79. Kd4 Be2 80. Rxc2 Bxg4 81. Bc3 Rb8 82. Rf2 Rd8+ 83. Ke3 f5 84. Bb4 f4+ 85. Ke4 Re8+ 86. Kd4 Kf5 87. Bd2 Be2 88. Kc3 Re4 89. Rh2 g4 90. Rh8 g3 91. Rg8 Bf3 92. Kc2 Bg4 93.
Rf8+ Ke5 94. Re8+ Be6 95. Rg8 Bd5 96. Re8+ Kf5 97. Rd8 Rc4+ 98. Kd3 Be6 99. Rf8+ Ke5 100. Be1 Ra4 101. Ke2 Ke4 102. Re8 Ra2+ 103. Kf1 Ra6 104. Bd2 Kf3 105. Be1 Bc4+ 106. Kg1 Re6 107. Rxe6 Bxe6 108. Bb4 Kg4 109. Be1 f3 110. Kf1 Bc4+ 111. Kg1 Kf4 112. Kh1 f2 113. Kg2 f1=Q# 0-1

[Event "Early-Titled-Tuesday-Blitz-April-02-2024"]
[Site "Chess.com"]
[Date "2024.04.02"]
[Round "7"]
[White "SharapovEvgeny"]
[Black "KarolKacprzak"]
[Result "0-1"]
[WhiteElo "2558"]
[BlackElo "2741"]
[TimeControl "180+1"]
[EndTime "9:11:34 PDT"]
[Termination "KarolKacprzak won by resignation"]

1. b3 c5 2. Bb2 Nf6 3. f4 g6 4. Nf3 Bg7 5. e3 O-O 6. Be2 d5 7. O-O Nc6 8. Ne5 d4 9. Nxc6 bxc6 10. Bf3 Nd5 11. Qe2 d3 0-1

[Event "Early-Titled-Tuesday-Blitz-April-02-2024"]
[Site "Chess.com"]
[Date "2024.04.02"]
[Round "7"]
[White "UK_23"]
[Black "Sasha_Solovev_777"]
[Result "1-0"]
[WhiteElo "2388"]
[BlackElo "2235"]
[TimeControl "180+1"]
[EndTime "9:12:04 PDT"]
[Termination "UK_23 won by resignation"]

1. e4 c5 2. Nf3 d6 3. d4 cxd4 4.
Qxd4 Nc6 5. Qe3 Nf6 6. Be2 g6 7. O-O Bg7 8. h3 O-O 9. Rd1 Qb6 10. Qxb6 axb6 11. Nc3 Nb4 12. Ne1 Bd7 13. Be3 Bb5 14. Bxb5 1-0

[Event "Early-Titled-Tuesday-Blitz-April-02-2024"]
[Site "Chess.com"]
[Date "2024.04.02"]
[Round "7"]
[White "LuisFSiles"]
[Black "Ordekalog"]
[Result "0-1"]
[WhiteElo "2353"]
[BlackElo "2606"]
[TimeControl "180+1"]
[EndTime "9:12:18 PDT"]
[Termination "Ordekalog won by resignation"]

1. e4 d5 2. exd5 Nf6 3. Bb5+ Bd7 4. Be2 Nxd5 5. d4 e6 6. Nf3 c5 7. c3 Nc6 8. O-O cxd4 9. cxd4 Be7 10. Nc3 O-O 11.
Bd3 Ncb4 12. Bb1 Bc6 13. Ne5 Nf6 14. Qd3 Nxd3 0-1

[Event "Early-Titled-Tuesday-Blitz-April-02-2024"]
[Site "Chess.com"]
[Date "2024.04.02"]
[Round "7"]
[White "kereswasbest"]
[Black "elcala"]
[Result "1-0"]
[WhiteElo "2251"]
[BlackElo "1825"]
[TimeControl "180+1"]
[EndTime "9:12:33 PDT"]
[Termination "kereswasbest won by resignation"]

1. e4 d5 2. exd5 Qxd5 3. Nc3 Qd6 4. d4 Nf6 5. Bc4 Nc6 6. d5 Ne5 7. Bb3 Ng6 8. Nf3 Bg4 9. h3 Bxf3 10. Qxf3 O-O-O 11. Be3 a6 12. O-O-O Ne5 13. Qg3 Ng6 14. f4 Nh5 15.
Qg4+ 1-0

[Event "Early-Titled-Tuesday-Blitz-April-02-2024"]
[Site "Chess.com"]
[Date "2024.04.02"]
[Round "7"]
[White "rionelG"]
[Black "dianamirza"]
[Result "1-0"]
[WhiteElo "2188"]
[BlackElo "1963"]
[TimeControl "180+1"]
[EndTime "9:12:39 PDT"]
[Termination "rionelG won by resignation"]

1. e4 d5 2. exd5 Qxd5 3. Nc3 Qd8 4. d4 Nf6 5. Bf4 g6 6. Qd2 Bg7 7. O-O-O c5 8. Bb5+ Kf8 9. Nf3 cxd4 10. Nxd4 a6 11.
Ne6+ fxe6 12. Qxd8+ Kf7 13. Qa5 Nh5 14. Bxb8 Rxb8 15.
Bc4 Nf4 16. Qc7 1-0

[Event "Early-Titled-Tuesday-Blitz-April-02-2024"]
[Site "Chess.com"]
[Date "2024.04.02"]
[Round "7"]
[White "AniJak"]
[Black "zano2023"]
[Result "1-0"]
[WhiteElo "2385"]
[BlackElo "2227"]
[TimeControl "180+1"]
[EndTime "9:12:40 PDT"]
[Termination "AniJak won by resignation"]

1. e4 d6 2. d4 Nf6 3. Nc3 c6 4. f3 Nbd7 5. Be3 e5 6. Nge2 Be7 7. g4 h6 8. Qd2 Qc7 9. a4 a5 10. Bg2 Nb6 11. b3 Be6 12. h4 O-O-O 13. d5 cxd5 14. Nb5 Qd7 15. Bxb6 Kb8 16. Qxa5 1-0

[Event "Early-Titled-Tuesday-Blitz-April-02-2024"]
[Site "Chess.com"]
[Date "2024.04.02"]
[Round "7"]
[White "tactic"]
[Black "savitha1030"]
[Result "1-0"]
[WhiteElo "2606"]
[BlackElo "2503"]
[TimeControl "180+1"]
[EndTime "9:12:41 PDT"]
[Termination "tactic won by resignation"]

1. e4 c5 2. Nf3 e6 3. d4 cxd4 4. Nxd4 a6 5. c4 Nf6 6. Bd3 d5 7. cxd5 exd5 8. e5 Qe7 9. O-O Ng4 10. Bf5 Bxf5 11. Nxf5 Qh4 12. Nxh4 1-0

[Event "Early-Titled-Tuesday-Blitz-April-02-2024"]
[Site "Chess.com"]
[Date "2024.04.02"]
[Round "7"]
[White "campochess"]
[Black "schachlana"]
[Result "0-1"]
[WhiteElo "2179"]
[BlackElo "2341"]
[TimeControl "180+1"]
[EndTime "9:12:41 PDT"]
[Termination "schachlana won by resignation"]

1. Nc3 d5 2. d4 e6 3. Bf4 c5 4. e3 Nf6 5. Nf3 Nc6 6. Nb5 Qa5+ 7. c3 e5 8. dxe5 Nh5 9. Nc7+ Qxc7 10. Qxd5 Nxf4 11. exf4 Be6 12. Qe4 O-O-O 13. f5 Bd5 14.
Qg4 Nxe5 15. O-O-O Nxg4 0-1

[Event "Early-Titled-Tuesday-Blitz-April-02-2024"]
[Site "Chess.com"]
[Date "2024.04.02"]
[Round "7"]
[White "Malikova777"]
[Black "abelmat"]
[Result "1-0"]
[WhiteElo "2305"]
[BlackElo "2119"]
[TimeControl "180+1"]
[EndTime "9:12:48 PDT"]
[Termination "Malikova777 won by checkmate"]

1. e4 e6 2. d4 d5 3. Nd2 Nc6 4. Ngf3 Nf6 5. Bd3 Nb4 6. Qe2 Be7 7. O-O Nxd3 8. Qxd3 dxe4 9. Nxe4 O-O 10. c3 b6 11.
Nfg5 Bb7 12. Nxf6+ Bxf6 13. Qxh7# 1-0

[Event "Early-Titled-Tuesday-Blitz-April-02-2024"]
[Site "Chess.com"]
[Date "2024.04.02"]
[Round "7"]
[White "Rashad_Zeynalli"]
[Black "ViIIagra"]
[Result "1-0"]
[WhiteElo "2702"]
[BlackElo "2893"]
[TimeControl "180+1"]
[EndTime "9:12:58 PDT"]
[Termination "Rashad_Zeynalli won by resignation"]

1. d4 d6 2. Bf4 Nf6 3. e3 g6 4. h3 Bg7 5. Nf3 O-O 6. Be2 c5 7. O-O Qb6 8. Nbd2 Qxb2 9. Nc4 Qb4 10. c3 Qxc3 11. Rc1 Qb4 12. Rb1 Qc3 13. Rb3 Ne4 14.
Rxc3 Nxc3 15. Qd2 Nxe2+ 16. Qxe2 Nc6 17. dxc5 dxc5 18. Rd1 f6 19. e4 Be6 20. Ne3 Rfd8 21. Nd5 Rd7 22. Nc7 1-0

[Event "Early-Titled-Tuesday-Blitz-April-02-2024"]
[Site "Chess.com"]
[Date "2024.04.02"]
[Round "7"]
[White "falzehope0"]
[Black "tortorchess"]
[Result "1-0"]
[WhiteElo "2383"]
[BlackElo "2213"]
[TimeControl "180+1"]
[EndTime "9:13:18 PDT"]
[Termination "falzehope0 won by resignation"]

1. d4 d5 2. e3 Nf6 3. Bd3 e6 4. f4 c5 5. c3 Nc6 6. Nd2 Bd6 7. Nh3 cxd4 8. exd4 O-O 9. O-O h6 10.
Qe2 Re8 11. Nf3 Ng4 12. Ne5 Ngxe5 13. fxe5 Be7 14. Qh5 g6 15. Bxg6 1-0

[Event "Early-Titled-Tuesday-Blitz-April-02-2024"]
[Site "Chess.com"]
[Date "2024.04.02"]
[Round "7"]
[White "MrChessSponge"]
[Black "Massakru"]
[Result "1-0"]
[WhiteElo "2556"]
[BlackElo "2384"]
[TimeControl "180+1"]
[EndTime "9:13:22 PDT"]
[Termination "MrChessSponge won by resignation"]

1. d4 Nf6 2. c4 e6 3. Nf3 d5 4. g3 h6 5. Bg2 Bd6 6. O-O O-O 7.
Nc3 Nc6 8. b3 dxc4 9. bxc4 e5 10. e3 Bg4 11. h3 Bh5 12. g4 Bg6 13. c5 exd4 14. exd4 Be7 15. Re1 Re8 16. Qa4 Nd5 17. Nxd5 Qxd5 18. Ne5 Qxd4 19. Bxc6 Qxa1 20. Bxe8 Bxc5 21.
Nxg6 fxg6 22. Qc4+ Kh7 23. Qxc5 1-0

[Event "Early-Titled-Tuesday-Blitz-April-02-2024"]
[Site "Chess.com"]
[Date "2024.04.02"]
[Round "7"]
[White "sergoy"]
[Black "IMchanged"]
[Result "1-0"]
[WhiteElo "2891"]
[BlackElo "2669"]
[TimeControl "180+1"]
[EndTime "9:13:25 PDT"]
[Termination "sergoy won by checkmate"]

1. d4 d5 2. c4 c6 3. Nf3 Nf6 4.
Nc3 Bg4 5. cxd5 cxd5 6. Qb3 Bxf3 7. Qxb7 Nbd7 8. exf3 e6 9. Bf4 Be7 10. Bc7 Qc8 11. Ba6 O-O 12. Qxc8 Rfxc8 13. Bxc8 Rxc8 14.
Bf4 Nb6 15. Rc1 Nc4 16. b3 Ba3 17. bxc4 Bxc1 18. Bxc1 Rxc4 19. Bd2 Rxd4 20. Ke2 Rc4 21. Rb1 h6 22. Rb8+ Kh7 23. Rb7 Kg6 24. Rxa7 Ne8 25.
Ra4 Rc8 26. Nb5 Rb8 27. Rb4 Ra8 28. a4 Rb8 29. a5 Ra8 30. Ra4 e5 31. a6 Nf6 32. a7 Rh8 33. a8=Q Rxa8 34. Rxa8 h5 35. Ra6 h4 36. Nc7 h3 37. gxh3 Kh5 38. Rxf6 gxf6 39. Nxd5 Kg6 40. Ke3 Kf5 41. h4 Ke6 42. h5 f5 43. h6 f6 44. h7 Kf7 45. h8=Q f4+ 46. Ke2 f5 47. Qxe5 Kg8 48. Qe7 Kh8 49. Bc3+ Kg8 50. Qg7# 1-0

[Event "Early-Titled-Tuesday-Blitz-April-02-2024"]
[Site "Chess.com"]
[Date "2024.04.02"]
[Round "7"]
[White "wqws"]
[Black "JosefineHeinemann"]
[Result "1-0"]
[WhiteElo "2729"]
[BlackElo "2523"]
[TimeControl "180+1"]
[EndTime "9:13:26 PDT"]
[Termination "wqws won by resignation"]

1. e4 c5 2. Nf3 d6 3. d4 cxd4 4. Nxd4 Nf6 5. Nc3 a6 6. Bg5 e6 7. f4 h6 8. Bh4 Nbd7 9. Qf3 e5 10. Nf5 exf4 11. O-O-O g5 12. Bf2 Ne5 13. Qe2 Bxf5 14. exf5 Be7 15. Bd4 Qc7 16. h4 O-O-O 17. Kb1 Kb8 18.
Qf2 Nfg4 19. Qg1 Rc8 20. hxg5 hxg5 21. Rxh8 Rxh8 22. Nd5 Qd7 23. Ba7+ 1-0

[Event "Early-Titled-Tuesday-Blitz-April-02-2024"]
[Site "Chess.com"]
[Date "2024.04.02"]
[Round "7"]
[White "ljuks68"]
[Black "Rawnsdale"]
[Result "1-0"]
[WhiteElo "2416"]
[BlackElo "2535"]
[TimeControl "180+1"]
[EndTime "9:13:27 PDT"]
[Termination "ljuks68 won by resignation"]

1. e4 c6 2. d4 d5 3. e5 c5 4. Nf3 Nc6 5. c4 cxd4 6. Nxd4 e6 7. Nc3 Bb4 8. Nxc6 bxc6 9. Qa4 Bxc3+ 10. bxc3 Bd7 11.
Bd3 Ne7 12. Ba3 O-O 13. Bd6 Re8 14. c5 Ng6 15. O-O Qg5 16. Bxg6 Qxg6 17. Rab1 Rec8 18. Rb7 Be8 19. Rxa7 Rxa7 20. Qxa7 Qd3 21. Qb7 Rd8 22.
Bc7 Rd7 23. Qc8 1-0

[Event "Early-Titled-Tuesday-Blitz-April-02-2024"]
[Site "Chess.com"]
[Date "2024.04.02"]
[Round "7"]
[White "DonCiao"]
[Black "Barbix1"]
[Result "0-1"]
[WhiteElo "2012"]
[BlackElo "2312"]
[TimeControl "180+1"]
[EndTime "9:13:33 PDT"]
[Termination "Barbix1 won by resignation"]

1. c4 e5 2. g3 d6 3. Bg2 f5 4. Nc3 Nf6 5. d3 Be7 6. e4 O-O 7. Nge2 c6 8. O-O Na6 9. h3 Qe8 10. Be3 Qg6 11. f4 fxe4 12. dxe4 exf4 13. gxf4 Bxh3 14.
Rf2 Ng4 15. f5 Nxf2 16. Qf1 Qxg2+ 17. Qxg2 Bxg2 18. Kxg2 Ng4 0-1

[Event "Early-Titled-Tuesday-Blitz-April-02-2024"]
[Site "Chess.com"]
[Date "2024.04.02"]
[Round "7"]
[White "Escudito"]
[Black "IshviAggarwal"]
[Result "1-0"]
[WhiteElo "2372"]
[BlackElo "2148"]
[TimeControl "180+1"]
[EndTime "9:13:51 PDT"]
[Termination "Escudito won by resignation"]

1. d4 Nf6 2. Nf3 g6 3. c4 Bg7 4.
Nc3 d6 5. e4 O-O 6. Be2 c5 7.
d5 e6 8. O-O exd5 9. exd5 Re8 10. h3 Na6 11. a3 Nc7 12. Bg5 h6 13. Bf4 a6 14. a4 Ne4 15. Nxe4 Rxe4 16. Be3 Bxb2 17.
Qb1 Rxe3 18. Qxb2 Re8 19. Bd3 Rb8 20. a5 Bd7 21. Nd2 Qg5 22. Ne4 Qe5 23. Nf6+ Kh8 24.
Qxe5 Rxe5 25. Nxd7 Re7 26. Nxb8 1-0

[Event "Early-Titled-Tuesday-Blitz-April-02-2024"]
[Site "Chess.com"]
[Date "2024.04.02"]
[Round "7"]
[White "TitarovVasiliYouTube"]
[Black "Smiechu"]
[Result "1-0"]
[WhiteElo "2644"]
[BlackElo "2458"]
[TimeControl "180+1"]
[EndTime "9:13:57 PDT"]
[Termination "TitarovVasiliYouTube won by resignation"]

1. g3 Nf6 2. Bg2 c5 3. Nf3 Nc6 4. O-O g6 5. c3 Bg7 6. a4 O-O 7.
Na3 d5 8. d3 e5 9. Qc2 Re8 10. e4 dxe4 11. dxe4 Be6 12. Rd1 Qc8 13. Nb5 Rd8 14. Be3 b6 15. Ng5 Ng4 16. Nxe6 Nxe3 17. fxe3 Qxe6 18. Nc7 Qe7 19. Nxa8 Rxa8 20. Bf1 Qg5 21.
Qf2 Bh6 22. Bc4 Nb8 23. Qxf7+ 1-0

[Event "Early-Titled-Tuesday-Blitz-April-02-2024"]
[Site "Chess.com"]
[Date "2024.04.02"]
[Round "7"]
[White "aljado"]
[Black "Irina_Mikhaylova"]
[Result "0-1"]
[WhiteElo "2148"]
[BlackElo "2334"]
[TimeControl "180+1"]
[EndTime "9:13:57 PDT"]
[Termination "Irina_Mikhaylova won by resignation"]

1. e4 c5 2. Nf3 Nc6 3. d4 cxd4 4. Nxd4 e5 5. Nb3 Nf6 6. Nc3 Bb4 7. f3 d5 8. Bd2 dxe4 9. Nxe4 Nxe4 10. fxe4 Qh4+ 11.
g3 Qxe4+ 12. Qe2 Bxd2+ 13. Nxd2 Qxh1 14. O-O-O Qd5 15. Nc4 Nd4 16. Qxe5+ Qxe5 17. Nxe5 Nc6 18. Bb5 O-O 0-1

[Event "Early-Titled-Tuesday-Blitz-April-02-2024"]
[Site "Chess.com"]
[Date "2024.04.02"]
[Round "7"]
[White "gpsji27"]
[Black "kingandqueen2017"]
[Result "1-0"]
[WhiteElo "2334"]
[BlackElo "2474"]
[TimeControl "180+1"]
[EndTime "9:14:14 PDT"]
[Termination "gpsji27 won by checkmate"]

1. d4 Nf6 2. Nf3 d5 3. Bg5 Ne4 4. Bh4 c5 5. e3 Nc6 6. Nbd2 Qb6 7. Rb1 cxd4 8. Nxe4 dxe4 9. Nxd4 e5 10. Nxc6 bxc6 11.
Bc4 Ba6 12. Bxf7+ Kxf7 13. Qd7+ Kg6 14. Qe6+ Kh5 15. Qf5+ Kxh4 16. g3# 1-0

[Event "Early-Titled-Tuesday-Blitz-April-02-2024"]
[Site "Chess.com"]
[Date "2024.04.02"]
[Round "7"]
[White "PolandHussars"]
[Black "ccccvhhhj"]
[Result "1-0"]
[WhiteElo "2580"]
[BlackElo "2429"]
[TimeControl "180+1"]
[EndTime "9:14:16 PDT"]
[Termination "PolandHussars won by resignation"]

1. e4 e6 2. d4 d5 3. Nc3 Bb4 4. e5 c5 5. Bd2 Ne7 6. a3 Bxc3 7. bxc3 cxd4 8. cxd4 O-O 9. Bd3 b6 10. Nf3 Ng6 11. Qe2 a5 12. h4 Ba6 13. h5 Bxd3 14.
Qxd3 Ne7 15. h6 g6 16. Bg5 Qc7 17. O-O Rc8 18. Qe3 Nf5 19. Qf4 Nd7 20. g4 Qxc2 21.
gxf5 Qxf5 22. Qxf5 exf5 23. Rfc1 Nf8 24. Rab1 Rxc1+ 25.
Bxc1 Ne6 26. Rxb6 Kf8 27. Ng5 Nxd4 28. Nxh7+ Ke7 29. Bg5+ Kd7 30. Nf6+ Kc7 31. Nxd5+ Kd7 32. Bf6 Rc8 33. h7 1-0

[Event "Early-Titled-Tuesday-Blitz-April-02-2024"]
[Site "Chess.com"]
[Date "2024.04.02"]
[Round "7"]
[White "IMRosen"]
[Black "wild3000"]
[Result "1-0"]
[WhiteElo "2661"]
[BlackElo "2361"]
[TimeControl "180+1"]
[EndTime "9:14:28 PDT"]
[Termination "IMRosen won by resignation"]

1. e4 e6 2. d4 a6 3. Bd3 b5 4. a4 b4 5. Bf4 Bb7 6. Nd2 Nf6 7. Qe2 c5 8. d5 exd5 9. exd5+ Qe7 10. Ne4 Nxd5 11.
Nd6+ Kd8 12. Nxb7+ Kc8 13. Nd6+ Kd8 14. Bg3 Nc6 15.
Qxe7+ Kxe7 16. Nf3 h5 17. O-O-O h4 18. Rhe1+ Kf6 19.
Ne4+ Ke7 20. Bxh4+ f6 21. Nxf6+ Kd8 22. Nxd5+ 1-0

[Event "Early-Titled-Tuesday-Blitz-April-02-2024"]
[Site "Chess.com"]
[Date "2024.04.02"]
[Round "7"]
[White "m_ezat"]
[Black "dodorox"]
[Result "1-0"]
[WhiteElo "2555"]
[BlackElo "2186"]
[TimeControl "180+1"]
[EndTime "9:14:33 PDT"]
[Termination "m_ezat won by resignation"]

1. d4 Nf6 2. c4 e6 3. Nc3 d5 4. cxd5 exd5 5. Bg5 Be7 6. e3 h6 7. Bh4 c6 8. Qc2 Nbd7 9. Bd3 Nh5 10. Bxe7 Qxe7 11.
Nf3 Nhf6 12. O-O O-O 13. Rab1 Re8 14. b4 a6 15. Na4 Ne4 16. Nc5 f5 17. a4 Qf6 18. Nxd7 Bxd7 19. Ne5 Re7 20. b5 axb5 21. axb5 cxb5 22. Nxd7 Rxd7 23. Rxb5 Qc6 24. Qb2 Rc8 25. Bxe4 fxe4 26. Rc5 1-0

[Event "Early-Titled-Tuesday-Blitz-April-02-2024"]
[Site "Chess.com"]
[Date "2024.04.02"]
[Round "7"]
[White "mertfelin"]
[Black "WindWhistler11"]
[Result "0-1"]
[WhiteElo "2281"]
[BlackElo "2436"]
[TimeControl "180+1"]
[EndTime "9:14:33 PDT"]
[Termination "WindWhistler11 won by resignation"]

1. e4 e6 2. d4 d5 3. Nc3 Bb4 4. e5 Ne7 5. a3 Ba5 6. Qg4 Nf5 7. Bd3 O-O 8. Ne2 f6 9. exf6 Qxf6 10. Bg5 Qf7 11.
O-O Nc6 12. Be3 e5 13. Bxf5 Bxf5 14. Qg3 exd4 15. Nxd4 Nxd4 16. Bxd4 Bxc2 17. Rac1 Bg6 18. b4 Bb6 19. Nb5 Bxd4 20. Rxc7 Qf6 21. Nxd4 Qxd4 22. h3 Rf7 23. Rxf7 Bxf7 24. Rc1 Re8 0-1

[Event "Early-Titled-Tuesday-Blitz-April-02-2024"]
[Site "Chess.com"]
[Date "2024.04.02"]
[Round "7"]
[White "Gabrielian_Artur"]
[Black "MalyDominator"]
[Result "1-0"]
[WhiteElo "2806"]
[BlackElo "2625"]
[TimeControl "180+1"]
[EndTime "9:14:44 PDT"]
[Termination "Gabrielian_Artur won by resignation"]

1. Nf3 Nf6 2. g3 g6 3. Bg2 Bg7 4. O-O O-O 5. d4 d6 6. c4 Nc6 7. Nc3 Bg4 8. h3 Bxf3 9. exf3 e5 10. dxe5 dxe5 11. f4 Re8 12. Qa4 exf4 13. Bxf4 Nh5 14. Rad1 Qc8 15. Bc1 Nd4 16. g4 Be5 17. gxh5 gxh5 18.
Rfe1 Qf5 19. Rxd4 Bh2+ 20. Kf1 Bg3 21. Rxe8+ 1-0

[Event "Early-Titled-Tuesday-Blitz-April-02-2024"]
[Site "Chess.com"]
[Date "2024.04.02"]
[Round "7"]
[White "MikeWizard"]
[Black "Ergali_Suleimen"]
[Result "0-1"]
[WhiteElo "2183"]
[BlackElo "2381"]
[TimeControl "180+1"]
[EndTime "9:14:49 PDT"]
[Termination "Ergali_Suleimen won by resignation"]

1. d4 Nf6 2. c4 e6 3. Nf3 d5 4. Bg5 Be7 5. e3 O-O 6. Bd3 dxc4 7. Bxc4 a6 8. O-O b5 9. Bb3 Bb7 10. Nbd2 Nbd7 11. Rc1 c5 12. Bxf6 Bxf6 13. dxc5 Rc8 14. e4 Bxb2 15. Rc2 Ba3 16. e5 Nxc5 17. Qe2 Nxb3 18.
Nxb3 Rxc2 19. Qxc2 Bxf3 20. gxf3 Qg5+ 21. Kh1 Qxe5 22.
Qc6 Bd6 23. f4 Qxf4 24. Qg2 g6 25. Rd1 Rc8 26. Rd4 Qe5 27. Kg1 Qxd4 28. Nxd4 Rc1+ 29. Qf1 Bxh2+ 30. Kg2 Rxf1 31. Kxf1 Be5 32. Nc6 Bd6 33. Ke2 h5 0-1

[Event "Early-Titled-Tuesday-Blitz-April-02-2024"]
[Site "Chess.com"]
[Date "2024.04.02"]
[Round "7"]
[White "dropstoneDP"]
[Black "PavelShkapenko"]
[Result "1/2-1/2"]
[WhiteElo "2988"]
[BlackElo "2704"]
[TimeControl "180+1"]
[EndTime "9:14:50 PDT"]
[Termination "Game drawn by agreement"]

1. e4 e5 2. Nf3 Nc6 3. Bc4 d6 4. Nc3 Be7 5. d4 Nf6 6. d5 Nb8 7. O-O O-O 8. h3 Nbd7 9. a4 a5 10.
Be3 h6 11. Re1 Nh7 12. Bd3 Ng5 13. Nxg5 Bxg5 14. Nb5 Bxe3 15. Rxe3 Nc5 16. Qh5 Bd7 17. Bf1 Bxb5 18. Bxb5 Qg5 19. Qxg5 hxg5 20. c3 Ra7 21.
b4 Na6 22. Bxa6 Rxa6 23. b5 Raa8 24. Rg3 f6 25. Kf1 b6 26. Ke2 Kf7 27. Rf3 Rh8 28.
g4 Kg6 29. Rh1 Rh4 30. Kf1 Rah8 31. Kg2 R8h7 1/2-1/2

[Event "Early-Titled-Tuesday-Blitz-April-02-2024"]
[Site "Chess.com"]
[Date "2024.04.02"]
[Round "7"]
[White "Vse_po_kaify"]
[Black "NelsonLinda"]
[Result "1-0"]
[WhiteElo "2512"]
[BlackElo "2632"]
[TimeControl "180+1"]
[EndTime "9:14:54 PDT"]
[Termination "Vse_po_kaify won by resignation"]

1. e4 c5 2. c4 Nc6 3. Nc3 g6 4.
g3 Bg7 5. d3 e6 6. Bg2 Nge7 7.
Nge2 O-O 8. O-O a6 9. f4 Rb8 10. Rb1 b5 11. b3 Nd4 12. Be3 b4 13. Na4 Qa5 14. g4 f5 15. gxf5 exf5 16. e5 Ne6 17. d4 cxd4 18. Nxd4 Qc7 19. Nxe6 dxe6 20. Qd6 Qd7 21.
Qxb8 g5 22. Qd6 Qe8 23. Nb6 Ng6 24. Bc6 Qf7 25. Nxc8 Rxc8 26. Bd7 Rd8 27. Bxe6 1-0

[Event "Early-Titled-Tuesday-Blitz-April-02-2024"]
[Site "Chess.com"]
[Date "2024.04.02"]
[Round "7"]
[White "kritipatel"]
[Black "lularobs"]
[Result "1-0"]
[WhiteElo "2248"]
[BlackElo "1567"]
[TimeControl "180+1"]
[EndTime "9:14:56 PDT"]
[Termination "kritipatel won on time"]

1. e4 c6 2. d4 d5 3. exd5 cxd5 4. Bd3 Nc6 5. c3 Nf6 6. Bf4 Bg4 7. Qb3 Bc8 8. Nd2 e6 9. Ngf3 Bd6 10. Bg3 O-O 11. O-O Bxg3 12. hxg3 Re8 13. Rae1 Na5 14. Qc2 h6 15. Ne5 Nc6 16. f4 Qb6 17. g4 Nxe5 18. fxe5 Nxg4 19. Bh7+ Kh8 20. Rxf7 Nxe5 21. Rxe5 Qd6 22.
Qg6 1-0

[Event "Early-Titled-Tuesday-Blitz-April-02-2024"]
[Site "Chess.com"]
[Date "2024.04.02"]
[Round "7"]
[White "Journey_to_GrandMaster_YT"]
[Black "JCVanDamme10"]
[Result "1-0"]
[WhiteElo "2569"]
[BlackElo "2345"]
[TimeControl "180+1"]
[EndTime "9:15:00 PDT"]
[Termination "Journey_to_GrandMaster_YT won by resignation"]

1. d4 d5 2. Nf3 c6 3. e3 Nf6 4. Bd3 Bg4 5. h3 Bxf3 6. Qxf3 e6 7. c4 Nbd7 8. Nc3 Bb4 9. O-O O-O 10. a3 Ba5 11. b4 Bc7 12. e4 dxc4 13. Bxc4 e5 14.
d5 h6 15. Rd1 Qe7 16. Be3 Rfd8 17. b5 Nb6 18. Bxb6 axb6 19. bxc6 bxc6 20. dxc6 Rxd1+ 21. Qxd1 Rxa3 22. Rxa3 Qxa3 23. Nb5 Qe7 24. Bd5 Ne8 25. Qg4 Nd6 26. Nxc7 Qxc7 27. Qd7 Nb5 28. Bxf7+ Kh7 29. Bc4 1-0